 Dungeon Crawl Stone Soup version 0.27.1-34-g3ba077fa99 (webtiles) character file.

Game seed: 13431991250603629148

67 McKennaii the Shield-Bearer (level 4, -2/35 HPs)
             Began as a Demonspawn Fighter on Jan 16, 2022.
             Slain by Sigmund (9 damage)
             ... on level 3 of the Dungeon.
             The game lasted 00:03:32 (2599 turns).

McKennaii the Shield-Bearer (Demonspawn Fighter)    Turns: 2599, Time: 00:03:33

Health: -2/35      AC:  8    Str: 17    XL:     4   Next: 0%
Magic:  4/4        EV:  7    Int:  9    God:
Gold:   108        SH:  0    Dex: 13    Spells: 3/3 levels left

rFire    . . .     SeeInvis .   a - +0 trident
rCold    . . .     Faith    .   c - +0 kite shield
rNeg     . . .     Spirit   .   b - +0 scale mail
rPois    .         Reflect  .   (no helmet)
rElec    .         Harm     .   (no cloak)
rCorr    .         Rampage  .   (no gloves)
Will     .....                  (no boots)
Stlth    ..........             (no amulet)
HPRegen  0.11/turn              (no ring)
MPRegen  0.09/turn              (no ring)

@: confused
A: molten scales 1, demonic guardian 1
a: no special abilities


You were on level 3 of the Dungeon.
You visited 1 branch of the dungeon, and saw 3 of its levels.

You collected 108 gold pieces.

Inventory:

Hand Weapons
 a - a +0 trident (weapon)
Armour
 b - a +0 scale mail (worn)
 c - a +0 kite shield (worn)
Scrolls
 e - a scroll of fear {unknown}
 g - a scroll of magic mapping {unknown}
 i - a scroll of vulnerability {unknown}
 j - a scroll of fog {unknown}
 k - a scroll of silence {unknown}
 l - a scroll of identify {unknown}
 m - a scroll of noise {unknown}
 o - a scroll of enchant armour {unknown}
Potions
 d - a potion of might
 f - a potion of invisibility
 h - a potion of curing {unknown}


   Skills:
 - Level 3.0 Fighting
 * Level 3.0 Polearms
 + Level 3.2 Armour
 + Level 3.2 Shields


You had 3 spell levels left.
You didn't know any spells.
Your spell library contained the following spells:

 Spells                   Type           Power      Damage    Failure   Level
 Iskenderun's Battlesphe  Conj           0%         2d6       100%        5
 Iron Shot                Conj/Erth      0%         9d1       100%        6
 Spellforged Servitor     Conj/Summ      0%         N/A       100%        7


Dungeon Overview and Level Annotations

Branches:
Dungeon (3/15)

Altars:

Annotations:
D:3 Sigmund


Innate Abilities, Weirdness & Mutations

You are partially covered in molten scales. (AC +2)
A weak demonic guardian rushes to your aid.


Message History

Something completely misses your iron imp.
You see here 16 sling bullets.
There is an open door here.
Something barely misses your iron imp.
There is an open door here.
Your iron imp disappears in a puff of smoke!
There is an open door, spattered with blood here.
Items here: )))))))) [[[ ÷÷÷÷.
Sigmund points at you and mumbles some strange words.
The magic dart hits you but does no damage.
You see here a +0 hand axe.
You close the door, pushing everything out of the way.
Items here: )))) [[ ÷÷.
You start resting.
Sigmund the Dreaded opens the door.
He is wielding a +0 scythe.
Reach: a) +0 trident
Press: ? - help, Dir - move target, f/p - Sigmund
Aim: Sigmund, wielding a +0 scythe and wearing a +0 robe (heavily wounded, about 47% to evade your +0 trident)
You reach to attack!
You hit Sigmund.
Sigmund is heavily wounded.
You block Sigmund's attack.
Reach: a) +0 trident
Press: ? - help, Dir - move target, f/p - Sigmund
Aim: Sigmund, wielding a +0 scythe and wearing a +0 robe (heavily wounded, about 47% to evade your +0 trident)
You reach to attack!
You hit Sigmund.
Sigmund is severely wounded.
Sigmund says, "Look into my eyes."
Sigmund points at you and mumbles some strange words.
You are confused.
You're too confused to aim your attacks!
Unknown command.
Sigmund casts a spell at you. The magic dart hits you.
Things that are here:
a +0 war axe; a +0 whip You're too confused to move!
Sigmund hits you with a +0 scythe!
* * * LOW HITPOINT WARNING * * *
A demonic guardian appears!
Sigmund hits you from afar with a +0 scythe!
You die...

...#..###.# #.# ##.#{#
#......... #.# ###.#
#.##..#### ##'## #.# ......#
##...## #.# .....# ##.....##
##.# #.#(##
##.....†.######..#####
#....####........)##.........#
.......('........)@5......##.#
#....####.......@)##.#...##
#.#.## ##.....).###.##..#
#.### ##.....## #.##..# #.
##...## #.##.## #. ##)##
#.##.# ##...## #.....
##.###.## ### .# #.##
##.######.# #.# #........#


You could see Sigmund (ally target) and a friendly iron imp (summoned).

Vanquished Creatures
  A dart slug (D:3)
  7 orcs (D:3)
  2 bats
  An endoplasm (D:1)
  2 giant cockroaches
  6 goblins
  A hobgoblin (D:1)
  A kobold (D:3)
  A quokka (D:1)
  5 ball pythons
  2 frilled lizards (D:1)
  6 rats
35 creatures vanquished.

Vanquished Creatures (collateral kills)
  An orc priest (D:3)
  3 orcs (D:3)
4 creatures vanquished.

Grand Total: 39 creatures vanquished

Notes
Turn   | Place    | Note
-------+----------+-------------------------------------------
     0 | D:1      | McKennaii the Demonspawn Fighter began the quest for the
                  | Orb.
     0 | D:1      | Reached XP level 1. HP: 18/18 MP: 1/1
   376 | D:1      | Gained mutation: A weak demonic guardian rushes to your
                  | aid. [demonic ancestry]
   376 | D:1      | Reached XP level 2. HP: 24/24 MP: 2/2
   919 | D:1      | Found a faded altar of an unknown god.
  1671 | D:3      | Reached XP level 3. HP: 26/29 MP: 3/3
  1699 | D:3      | Noticed Sigmund
  2500 | D:3      | Gained mutation: You are partially covered in molten
                  | scales. (AC +2) [demonic ancestry]
  2500 | D:3      | Reached XP level 4. HP: 35/35 MP: 4/4
  2599 | D:3      | Slain by Sigmund

Illustrated notes

Levels and vault maps discovered:
D:1:      doesnt_arrival_eight_statues, layout_basic,
          shapermc_ecumenical_altar_acropolis,
          wander_ebering_terrifying_dragon_lair
D:2:      layout_loops_ring
D:3:      layout_loops_corners, uniq_sigmund

Skill      XL: |  1  2  3 |
---------------+----------+-----
Polearms       | 2 3 |  3.0
Shields        | 3 |  3.2
Armour         | 3 |  3.2
Fighting       | |  3.0

Action                   |  1- 3 |  4- 6 || total
-------------------------+-------+-------++-------
Melee: Trident           |   138 |    12 ||   150
  Use: Potion            |     4 |       ||     4
Armor: Scale mail        |    52 |     1 ||    53
Dodge: Dodged            |    28 |     1 ||    29
Block: Kite shield       |    60 |     3 ||    63
